 Dungeon Crawl Stone Soup version 0.26.1-11-gd32895ea62 (webtiles) character file.

Game seed: 10856723702241921934

932 vvl the Changer (level 7, -6/59 HPs)
             Began as a Red Draconian Transmuter on July 8, 2021.
             Killed from afar by Dowan (29 damage)
             ... with a shard of ice
             ... on level 5 of the Dungeon.
             The game lasted 00:11:40 (5762 turns).

vvl the Changer (Red Draconian Transmuter)          Turns: 5762, Time: 00:11:40

Health: -6/59      AC:  2    Str: 14    XL:     7   Next: 86%
Magic:  8/11       EV: 21    Int: 14    God:
Gold:   218        SH:  0    Dex: 16    Spells: 8/12 levels left

rFire    . . .     SeeInvis .     - Unarmed
rCold    . . .     Faith    .   (shield currently unavailable)
rNeg     . . .     Spirit   .   (armour unavailable)
rPois    x         Reflect  .   (helmet currently unavailable)
rElec    .         Harm     .   (cloak currently unavailable)
rCorr    .         Rampage  .   (gloves currently unavailable)
Will     .....                  (boots currently unavailable)
Stlth    +.........             j - amulet of regeneration
HPRegen  0.59/turn              (no ring)
MPRegen  0.12/turn              (no ring)

@: spider-form, glowing
A: tiny, (breathe fire), unfitting armour, AC +6
a: End Transformation


You were on level 5 of the Dungeon.
You were a venomous arachnid creature.
You visited 1 branch of the dungeon, and saw 5 of its levels.

You collected 218 gold pieces.

Inventory:

Hand Weapons
 p - a +2 mace of venom (melded)
 q - a cursed +0 short sword
Armour
 a - a +0 pair of boots (melded)
 o - a +0 cloak (melded)
Jewellery
 j - an amulet of regeneration (around neck)
Wands
 r - a wand of flame (11)
Scrolls
 b - 3 scrolls of teleportation
 c - 3 scrolls of remove curse
 e - a scroll of random uselessness {unknown}
 f - 2 scrolls of fear {unknown}
 g - 2 scrolls of immolation {unknown}
 k - a scroll of blinking
 m - a scroll of identify
 n - a scroll of enchant weapon {unknown}
Potions
 d - 4 potions of curing
 h - 3 potions of heal wounds
 i - 2 potions of haste
 l - a potion of flight {unknown}


   Skills:
 + Level 4.0 Fighting
 + Level 2.3 Crossbows
 - Level 3.0 Dodging
 * Level 5.2 Unarmed Combat
 - Level 3.1 Spellcasting
 * Level 5.4 Transmutations


You had 8 spell levels left.
You knew the following spells:

 Your Spells              Type           Power        Failure   Level
a - Beastly Appendage     Tmut           34%          9%          1
b - Spider Form           Tmut/Pois      4%           41%         3

Your spell library contained the following spells:

 Spells                   Type           Power        Failure   Level
 Wereblood                Tmut           17%          12%         2
 Blade Hands              Tmut           8%           75%         5
 Ice Form                 Ice/Tmut       9%           77%         4


Dungeon Overview and Level Annotations

Branches:
Dungeon (5/15)             Temple (0/1) D:5

Altars:
Ashenzari
Qazlal
Ru
Xom

Shops:
D:4 (

Annotations:
D:5 Dowan


Innate Abilities, Weirdness & Mutations

((You can breathe blasts of fire.))
((Your fiery red scales are hard. (AC +6)))
You cannot fit into any form of body armour.
((Your flesh is heat resistant. (rF+)))
((You are cold-blooded and may be slowed by cold attacks.))


Message History

Dowan misses you. Dowan hits you but does no damage.
You hit Dowan.
Dowan is moderately wounded.
Dowan hits you but does no damage. Dowan closely misses you.
You closely miss Dowan.
Dowan is moderately wounded.
Dowan casts a spell at you. The shard of ice misses you.
Dowan gestures wildly while chanting.
Dowan blinks!
Casting: Spider Form (dangerous; 21% risk of failure)
Confirm with . or Enter, or press ? or * to list all spells.
You turn into a venomous arachnid creature.
Your +2 mace of venom melds into your body.
Your +0 cloak melds into your body.
Your +0 pair of boots melds into your body.
Your +2 mace of venom stops dripping with poison.
Dowan gestures at you while chanting. The shard of ice hits you!!
You die...

##..### #.#
#... ##.# #.#
#### #)# #.# #
# #.#####.# #
#.######
#.......# #
##......#
#.####### #
........# #<# #
........#####.#
#
........e.s...#
#
.#......#######
# ........# #
........# #
.#.###### # # #
## ##. ##..


You could see Dowan (fast).

Vanquished Creatures
  Sigmund (D:3)
  Duvessa (D:5)
  A phantom (D:4)
  An ice beast (D:5)
  A centaur (D:5)
  Blork the orc (D:5)
  Crazy Yiuf (D:3)
  Jessica (D:3)
  A worker ant (D:5)
  2 iguanas (D:4)
  Ijyb (D:5)
  Terence (D:3)
  A howler monkey zombie (D:5)
  3 adders (D:2)
  A shadow imp (D:2)
  A white imp (D:3)
  An ooze (D:3)
  An adder skeleton (D:5)
  2 worms (D:2)
  4 dart slugs
  2 leopard geckos (D:1)
  5 orcs
  6 bats
  7 giant cockroaches
  15 goblins
  10 hobgoblins
  6 jackals
  2 quokkas (D:2)
  7 frilled lizards
  7 kobolds
  A quokka skeleton (D:5)
  9 rats
104 creatures vanquished.

Notes
Turn   | Place    | Note
-------+----------+-------------------------------------------
     0 | D:1      | vvl the Draconian Transmuter began the quest for the Orb.
     0 | D:1      | Reached XP level 1. HP: 16/16 MP: 3/3
   134 | D:1      | Reached XP level 2. HP: 13/23 MP: 3/5
   790 | D:1      | Reached XP level 3. HP: 26/28 MP: 4/6
  1173 | D:2      | Found a broken altar of Ashenzari.
  1668 | D:2      | Reached XP level 4. HP: 25/36 MP: 5/7
  2512 | D:3      | Noticed Jessica
  2527 | D:3      | Killed Jessica
  2528 | D:3      | Reached XP level 5. HP: 28/42 MP: 6/8
  2924 | D:3      | Found a sacrificial altar of Ru.
  2982 | D:3      | Noticed Sigmund
  3451 | D:4      | Found a shimmering altar of Xom.
  3512 | D:4      | Found Bili's Weapon Emporium.
  4006 | D:4      | Noticed a phantom
  4026 | D:4      | Killed a phantom
  4027 | D:4      | Reached XP level 6. HP: 7/50 MP: 10/10
  4444 | D:3      | Learned a level 3 spell: Spider Form
  4546 | D:3      | Killed Sigmund
  4547 | D:3      | Reached skill level 1 in Crossbows
  4720 | D:3      | Noticed Terence
  4731 | D:3      | Killed Terence
  4847 | D:3      | Found a runed translucent door.
  4848 | D:3      | Noticed Crazy Yiuf
  4858 | D:3      | Killed Crazy Yiuf
  4859 | D:3      | Your scales start taking on a fiery red colour.
  4859 | D:3      | Reached XP level 7. HP: 55/57 MP: 2/11
  4859 | D:3      | Gained mutation: Your flesh is heat resistant. (rF+) [Red
                  | Draconian growth]
  5241 | D:5      | Entered Level 5 of the Dungeon
  5314 | D:5      | Found a staircase to the Ecumenical Temple.
  5447 | D:5      | Reached skill level 5 in Transmutations
  5505 | D:5      | Noticed Blork the orc
  5517 | D:5      | Killed Blork the orc
  5654 | D:5      | Noticed Ijyb
  5662 | D:5      | Killed Ijyb
  5711 | D:5      | Found a stormy altar of Qazlal.
  5737 | D:5      | Noticed Dowan
  5738 | D:5      | Noticed Duvessa
  5754 | D:5      | Killed Duvessa
  5755 | D:5      | Reached skill level 5 in Unarmed Combat
  5762 | D:5      | Killed from afar by Dowan

Illustrated notes

Levels and vault maps discovered:
D:1:      tarquinn_simple_flora_water_e, layout_basic, serial_bayou_lagoon_a
D:2:      layout_loops_ring, ashenzari_altar_1
D:3:      layout_loops_corners, nicolae_ru_great_annihilating_truth,
          guppyfry_early_orc_mine, uniq_sigmund, uniq_terence,
          uniq_crazy_yiuf_cottage, uniq_jessica
D:4:      layout_cave_pods, serial_shops, nicolae_shop_behind_doors,
          serial_column_ruins, column_ruins_columns_T, column_ruins_open_small,
          column_ruins_open_medium, column_ruins_corridor_corner,
          column_ruins_grid_1, xom_teletrap_fun
D:5:      layout_loops_corners, marbit_many_paths, minmay_temple_entry_arrows,
          gup_ossuary_entry_pyramid, nemelex_spade_bored_becter,
          uniq_blork_the_orc, uniq_duvessa, uniq_ijyb, uniq_pikel

Skill      XL: |  1  2  3  4  5  6  7 |
---------------+----------------------+-----
Dodging        | 2 3 |  3.0
Transmutations | 3 4 5 |  5.4
Fighting       | 2 3 4 |  4.0
Crossbows      | 1 2 |  2.3
Unarmed Combat | 4 5 |  5.2
Spellcasting   | 3 |  3.1

Action                   |  1- 3 |  4- 6 |  7- 9 || total
-------------------------+-------+-------+-------++-------
Melee: Unarmed           |   125 |   182 |    16 ||   323
       Kick              |    22 |    24 |       ||    46
       Tailslap          |    10 |     8 |     7 ||    25
       Headbutt          |     5 |    23 |       ||    28
       Punch             |     1 |     5 |       ||     6
       Mace              |       |       |    47 ||    47
 Cast: Beastly Appendage |    22 |    20 |       ||    42
       Spider Form       |       |     3 |     3 ||     6
  Use: Scroll            |       |     6 |     1 ||     7
 Stab: Sleeping          |       |     1 |       ||     1
       Invisible         |       |     1 |       ||     1
       Paralysed         |       |     1 |       ||     1
Armor: Skin              |    40 |    32 |    17 ||    89
Dodge: Dodged            |   100 |    87 |    50 ||   237
